 Dungeon Crawl Stone Soup version 0.25-a0-346-g140ab784a8 (webtiles) character file.

Game seed: 5597097177156200353, levelgen mode: deterministic

244 BritishOli the Slasher (level 5, -7/40 HPs)
             Began as a Demonspawn Gladiator on Jan 1, 2020.
             Shot with an arrow by a centaur (11 damage)
             ... on level 3 of the Dungeon.
             The game lasted 00:03:33 (1854 turns).

BritishOli the Slasher (Demonspawn Gladiator)       Turns: 1854, Time: 00:03:34

Health: -7/40      AC:  6    Str: 15    XL:     5   Next: 83%
Magic:  5/5        EV: 11    Int: 10    God:
Gold:   96         SH:  0    Dex: 14    Spells: 4/4 levels left

rFire    . . .     SeeInvis .   a - +0 long sword
rCold    . . .     Gourm    .   (no shield)
rNeg     . . .     Faith    .   j - +0 scale mail
rPois    .         Spirit   .   (helmet restricted)
rElec    .         Reflect  .   (no cloak)
rCorr    .         Harm     .   (no gloves)
MR       .....                  (no boots)
Stlth    ..........             (no amulet)
HPRegen  0.13/turn              (no ring)
MPRegen  0.09/turn              (no ring)

@: starving
A: claws 2, horns 1, talons 1
a: no special abilities


You were on level 3 of the Dungeon.
You were starving.

You visited 1 branch of the dungeon, and saw 3 of its levels.

You collected 96 gold pieces.

Inventory:

Hand Weapons
 a - a +0 long sword (weapon)
Missiles
 d - 2 throwing nets (quivered)
Armour
 b - a +0 leather armour
 j - a +0 scale mail (worn)
Jewellery
 q - an uncursed ring of magical power {unknown}
Scrolls
 c - a scroll of magic mapping {unknown}
 e - a scroll of enchant weapon {unknown}
 m - a scroll of remove curse {unknown}
 o - a scroll of fog {unknown}
 p - a scroll of identify {unknown}
Potions
 g - a potion of cancellation {unknown}
 h - 2 potions of curing {unknown}
 i - a potion of heal wounds {unknown}
 k - 2 potions of flight {unknown}
 l - a potion of berserk rage {unknown}
 n - 4 potions of might {unknown}
Comestibles
 f - 4 rations


   Skills:
 + Level 2.9 Fighting
 + Level 4.2 Long Blades
 - Level 2.0 Throwing
 - Level 2.1 Armour
 + Level 3.4 Dodging
 - Level 1.0 Stealth


You had 4 spell levels left.
You didn't know any spells.
Your spell library was empty.

Dungeon Overview and Level Annotations

Branches:
Dungeon (3/15)

Altars:
Elyvilon


Innate Abilities, Weirdness & Mutations

You have very sharp fingernails.
You have a pair of small horns on your head.
You have sharp toenails.


Message History

Your headbutt misses the frilled lizard.
The centaur shoots an arrow.
The arrow barely misses you.
The frilled lizard bites you but does no damage.
The centaur shoots an arrow.
The arrow hits you but does no damage.
You are too hungry to fight recklessly!
You are too hungry to fight recklessly!
Unknown command.
You are too hungry to fight recklessly!
Your scale mail prevents you from hitting the frilled lizard.
Your kick misses the frilled lizard. You headbutt the frilled lizard.
You kill the frilled lizard!
The centaur shoots an arrow.
The arrow hits you!
The centaur shoots an arrow.
The arrow hits you.
You see here an arrow.
The centaur shoots an arrow.
The arrow hits you!
* * * LOW HITPOINT WARNING * * *
You see here an arrow.
The centaur shoots an arrow.
The arrow hits you but does no damage.
The centaur shoots an arrow.
The arrow hits you!
You die...

...# ###########
##.######### #.........#
>........... +.........+
.#...###### #.........#
.###.# #$.....c..#
.###.######### #..(...#
.............. +.(....+
.#.#.############(.....#
................@......#
.#.#.###########.......#
.#.#.............(.....#
.#.##############......#
.#.......# ########
.#######.# .#.....#.#
##.###.#.# .......#.#


You could see a centaur.

Vanquished Creatures
  Sigmund (D:2)
  Terence (D:2)
  2 adders (D:2)
  An ooze (D:1)
  A dart slug (D:1)
  A leopard gecko (D:2)
  2 bats
  A giant cockroach (D:2)
  3 goblins (D:2)
  5 hobgoblins
  A kobold (D:1)
  2 quokkas (D:2)
  6 frilled lizards
  6 rats
33 creatures vanquished.

Vanquished Creatures (others)
  A quokka (D:2)
1 creature vanquished.

Grand Total: 34 creatures vanquished

Notes
Turn   | Place    | Note
-------+----------+-------------------------------------------
     0 | D:1      | BritishOli the Demonspawn Gladiator began the quest for the
                  | Orb.
     0 | D:1      | Reached XP level 1. HP: 16/16 MP: 1/1
   147 | D:1      | Gained mutation: You have sharp fingernails. [demonic
                  | ancestry]
   147 | D:1      | Reached XP level 2. HP: 22/22 MP: 2/2
   307 | D:1      | Reached skill level 3 in Long Blades
   658 | D:2      | Noticed Terence
   671 | D:2      | Killed Terence
   671 | D:2      | Gained mutation: You have a pair of small horns on your
                  | head. [demonic ancestry]
   671 | D:2      | Reached XP level 3. HP: 13/27 MP: 3/3
   927 | D:2      | Found a white marble altar of Elyvilon.
  1048 | D:2      | Gained mutation: You have sharp toenails. [demonic
                  | ancestry]
  1048 | D:2      | Reached XP level 4. HP: 25/34 MP: 4/4
  1078 | D:2      | Reached skill level 1 in Armour
  1209 | D:2      | Noticed Sigmund
  1228 | D:2      | Killed Sigmund
  1228 | D:2      | Reached skill level 4 in Long Blades
  1228 | D:2      | Reached skill level 1 in Stealth
  1228 | D:2      | Gained mutation: You have very sharp fingernails. [demonic
                  | ancestry]
  1228 | D:2      | Reached XP level 5. HP: 3/40 MP: 5/5
  1845 | D:3      | Noticed a centaur
  1854 | D:3      | Shot with an arrow by a centaur

Levels and vault maps discovered:
D:1:      evilmike_arrival_crescent, layout_loops_ring, minmay_tetromino_t4
D:2:      layout_rooms, elyvilon_altar_4, uniq_sigmund, uniq_terence
D:3:      layout_basic, chequers_ecumenical_altar_simple

Skill      XL: |  1  2  3  4 |
---------------+-------------+-----
Long Blades    | 3 4 |  4.2
Dodging        | 3 |  3.4
Armour         | 2 |  2.1
Throwing       | 2 |  2.0
Stealth        | 1 |  1.0
Fighting       | |  2.9

Action                   |  1- 3 |  4- 6 || total
-------------------------+-------+-------++-------
Melee: Long sword        |    85 |    25 ||   110
       Headbutt          |     8 |     2 ||    10
       Kick              |       |     5 ||     5
Throw: Throwing net      |       |     3 ||     3
 Stab: Sleeping          |     1 |       ||     1
       Held in net/web   |       |     1 ||     1
  Eat: Chunk             |       |     1 ||     1
Armor: Leather armour    |     3 |       ||     3
       Scale mail        |    29 |    10 ||    39
Dodge: Dodged            |    59 |    18 ||    77
       Rpst.: Long sword |    13 |     3 ||    16

Table legend:
 A = Non-vault XP
 B = Vault XP
 C = Vault XP percentage of total XP
 D = Non-vault monster count
 E = Vault monster count
 F = Vault count percentage of total count
                 A         B        C        D         E       F
            +---------+---------+-------+---------+---------+-------
      Total |      79 |     270 |  77.4 |      28 |       5 |  15.2
            +---------+---------+-------+---------+---------+-------
        D:1 |      27 |       3 |  10.0 |      12 |       3 |  20.0
        D:2 |      50 |     267 |  84.2 |      14 |       2 |  12.5
        D:3 |       2 |       0 |   0.0 |       2 |       0 |   0.0
            +---------+---------+-------+---------+---------+-------
